 Dungeon Crawl Stone Soup version 0.19-a0-760-g0ce1166 (webtiles) character file.

127 TheGoonsmith the Firebug (level 5, -1/28 HPs)
             Began as a Gargoyle Fire Elementalist on June 25, 2016.
             Killed by nerve-wracking pain
             ... invoked by an orc priest
              (5 damage)
             ... on level 3 of the Dungeon.
             The game lasted 00:03:12 (2697 turns).

TheGoonsmith the Firebug (GrFE)                     Turns: 2697, Time: 00:03:12

Health: -1/28      AC:  7    Str: 12    XL:     5   Next: 11%
Magic:  0/9        EV: 12    Int: 16    God:
Gold:   114        SH:  3    Dex: 10    Spells: 3 memorised, 2 levels left

rFire  . . .     SeeInvis .     l - +0 mace
rCold  . . .     Gourm    .     a - +0 robe
rNeg   + . .     Faith    .     (no shield)
rPois  ∞         Spirit   .     y - +0 helmet
rElec  +         Dismiss  .     (no cloak)
rCorr  .         Reflect  +     (no gloves)
SustAt .         Harm     .     (no boots)
MR     .....                    n - +3 amulet of reflection
Stlth  ++........               (no ring)
                                (no ring)

@: very slightly contaminated, not resistant to hostile enchantments, unstealthy
A: negative energy resistance 1, electricity resistance, unbreathing,
petrification resistance, rot immunity, AC +4
a: no special abilities


You were on level 3 of the Dungeon.
You were not hungry.

You visited 1 branch of the dungeon, and saw 3 of its levels.

You collected 114 gold pieces.

Inventory:

Hand Weapons
 e - a +0 club
 l - a +0 mace (weapon)
Armour
 a - a +0 robe (worn)
 y - a +0 helmet (worn)
Jewellery
 n - a +3 amulet of reflection (around neck)
 v - a cursed -4 ring of evasion {unknown}
Wands
 m - a wand of paralysis (7/24)
Scrolls
 d - 4 scrolls of identify {unknown}
 i - 2 scrolls of teleportation {unknown}
 k - a scroll of immolation {unknown}
 o - a scroll of amnesia {unknown}
 q - 2 scrolls of recharging {unknown}
 r - a scroll of noise {unknown}
 s - 2 scrolls of enchant armour {unknown}
 z - a scroll of remove curse {unknown}
Potions
 f - a potion of flight {unknown}
 g - 2 potions of heal wounds {unknown}
 h - 2 potions of ambrosia {unknown}
 j - 2 potions of mutation {unknown}
Books
 b - a book of Flames

   Spells                             Type                      Level
   a - Flame Tongue                   Conjuration/Fire             1
   b - Throw Flame                    Conjuration/Fire             2
   c - Conjure Flame                  Conjuration/Fire             3
   d - Inner Flame                    Hexes/Fire                   3
   e - Sticky Flame                   Conjuration/Fire             4
   f - Fireball                       Conjuration/Fire             5
 u - an Akashic Record

   Spells                             Type                      Level
   a - Dispersal                      Translocation                6
   b - Malign Gateway                 Summoning/Translocation      7
   c - Disjunction                    Translocation                8
   d - Controlled Blink               Translocation                8
Comestibles
 c - 5 bread rations
 p - a royal jelly
 t - 3 fruits
 w - a beef jerky


   Skills:
 - Level 1.5 Dodging
 - Level 2.1 Stealth
 + Level 3.0 Spellcasting
 * Level 3.0 Conjurations
 * Level 4.2 Fire Magic


You had 2 spell levels left.
You knew the following spells:

 Your Spells              Type           Power        Failure   Level  Hunger
a - Flame Tongue          Conj/Fire      ##...        6%          1    #......
c - Conjure Flame         Conj/Fire      ##......     14%         3    ###....
s - Sticky Flame          Conj/Fire      ##......     50%         4    #####..


Dungeon Overview and Level Annotations

Branches:
Dungeon (3/15)

Altars:
Ashenzari
Xom


Innate Abilities, Weirdness & Mutations

You are resistant to torment.
Your stone body is resilient. (AC +4)
You are immune to poison.
You resist negative energy. (rN+)
You are resistant to electric shocks. (rElec)
You can survive without breathing.
You are immune to petrification.
You are immune to rotting.


Message History

The flame tongue hits the jackal.
You kill the jackal!
A jackal comes into view.
Casting: Flame Tongue
Confirm with . or Enter, or press ? or * to list all spells.
Aiming: Flame Tongue
Press: ? - help, Shift-Dir - straight line, f - orc priest
Aim: an orc priest, wielding a club and wearing a chain mail The flame tongue hits the orc priest.
The orc priest is heavily wounded.
The jackal barks!
The orc priest calls down the wrath of Beogh upon you.
Beogh smites you!
* * * LOW HITPOINT WARNING * * *
Casting: Flame Tongue
Confirm with . or Enter, or press ? or * to list all spells.
You don't have enough magic to cast that spell.
The orc priest calls down the wrath of Beogh upon you.
Pain shoots through your body!
You die...

........[.....#...
........##..#.####
........##.##.#
#######.##..#(#
#.###.#)# #.###.#)#
#.......####
###.############.####..
#..hoo@..........# #..
...#.############## #..
#.. ####.. #..>.#
#.#### #.# #.# #.#


You could see an orc priest, an orc and a jackal.

Vanquished Creatures
  5 adders
  2 dart slugs
  5 orcs (D:3)
  5 giant cockroaches
  2 goblins
  4 hobgoblins
  7 jackals
  3 quokkas
  15 bats
  7 giant newts
  9 kobolds
  9 rats
73 creatures vanquished.

Notes
Turn   | Place    | Note
--------------------------------------------------------------
     0 | D:1      | TheGoonsmith the Gargoyle Fire Elementalist began the quest for the Orb.
     0 | D:1      | Reached XP level 1. HP: 10/10 MP: 3/3
     6 | D:1      | Noticed a rime drake
     6 | D:1      | Noticed a komodo dragon
     7 | D:1      | Noticed a redback
   251 | D:1      | Reached XP level 2. HP: 8/15 MP: 1/5
   642 | D:1      | Reached XP level 3. HP: 19/19 MP: 0/6
   857 | D:1      | Found a shimmering altar of Xom.
  1313 | D:2      | Reached XP level 4. HP: 23/24 MP: 0/7
  1406 | D:2      | Reached skill level 4 in Fire Magic
  1590 | D:2      | Learned a level 3 spell: Conjure Flame
  1595 | D:2      | Learned a level 4 spell: Sticky Flame
  2412 | D:3      | Found a shattered altar of Ashenzari.
  2564 | D:3      | Reached XP level 5. HP: 28/28 MP: 2/9
  2697 | D:3      | Killed from afar by an orc priest

Vault maps used:
D:1:      onia_arrival_zoo_common, xom_teletrap_fun
D:2:      wad_crossroads
D:3:      first_bread, nicolae_ashenzari_panopticon

Skill      XL: |  1  2  3  4  5 |
---------------+----------------+-----
Conjurations   | 2 3 |  3.0
Fire Magic     | 4 |  4.2
Spellcasting   | 3 |  3.0
Dodging        | |  1.5
Stealth        | |  2.1

Action                   |  1- 3 |  4- 6 || total
-------------------------+-------+-------++-------
Melee: Unarmed           |    15 |       ||    15
       Club              |    47 |       ||    47
       Mace              |       |     9 ||     9
 Cast: Flame Tongue      |    69 |    68 ||   137
  Eat: Chunk             |     2 |     5 ||     7
Armor: Robe              |    66 |    12 ||    78
Dodge: Dodged            |   107 |    20 ||   127
Block: Other             |     2 |     5 ||     7
